 Dungeon Crawl Stone Soup version 0.26-a0-610-g3e9335bbc7 (webtiles) character file.

Game seed: 14140292460197950196

5291 Execuda the Cleaver (level 10, -8/91 HPs)
             Began as a Deep Dwarf Fighter on Sept 4, 2020.
             Was a Believer of Makhleb.
             Mangled by a tentacled starspawn (22 damage)
             ... on level 1 of the Abyss.
             The game lasted 00:07:03 (6419 turns).

Execuda the Cleaver (Deep Dwarf Fighter)            Turns: 6419, Time: 00:07:04

Health: -8/91      AC: 14    Str: 24    XL:     10   Next: 37%
Magic:  17/17 (8)  EV:  8    Int:  8    God:    Makhleb [**....]
Gold:   470        SH: 21    Dex: 12    Spells: 9/9 levels left

rFire    . . .     SeeInvis .   b - +0 broad axe
rCold    . . .     Faith    .   q - +0 tower shield
rNeg     . . .     Spirit   .   x - +0 chain mail
rPois    .         Reflect  +   (no helmet)
rElec    .         Harm     .   (no cloak)
rCorr    .                      A - +2 pair of gloves
MR       +....                  (no boots)
Stlth    ..........             h - amulet of reflection
HPRegen  0.00/turn              (no ring)
MPRegen  0.15/turn              a - ring of magical power

@: non-regenerating
A: damage resistance, heal wounds, sense surroundings 2, no regeneration
a: Heal Wounds, Minor Destruction, Renounce Religion


You were on level 1 of the Abyss.
You worshipped Makhleb.
Makhleb was pleased with you.
You visited 1 branch of the dungeon, and saw 9 of its levels.
You visited the Abyss 1 time.

You collected 470 gold pieces.

Inventory:

Hand Weapons
 b - a +0 broad axe (weapon)
Armour
 q - a +0 tower shield (worn)
 x - a +0 chain mail (worn)
 A - a +2 pair of gloves (worn)
Jewellery
 a - a ring of magical power (right hand)
 h - an amulet of reflection (around neck)
Wands
 f - a wand of random effects (35)
Scrolls
 c - a scroll of amnesia {unknown}
 j - a scroll of fog {unknown}
 k - a scroll of magic mapping
 l - 4 scrolls of teleportation
 n - 2 scrolls of remove curse
 r - a scroll of fear {unknown}
 z - a scroll of silence {unknown}
Potions
 d - 2 potions of might
 g - 3 potions of stabbing {unknown}
 i - a potion of mutation {unknown}
 m - a potion of cancellation
 o - a potion of haste {unknown}
 p - a potion of curing
 t - a potion of lignification
 u - 2 potions of invisibility


   Skills:
 + Level 6.2 Fighting
 * Level 9.8 Axes
 + Level 7.5 Armour
 + Level 6.5 Dodging
 + Level 7.4 Shields
 + Level 5.0 Invocations


You had 9 spell levels left.
You didn't know any spells.
Your spell library was empty.

Dungeon Overview and Level Annotations

Branches:
Dungeon (9/15)             Temple (0/1) D:6
   Lair: D:8-11         Orc: D:9-12

Altars:
Cheibriados
Elyvilon
Fedhas
Gozag
Hepliaklqana
Makhleb
Nemelex Xobeh
Okawaru
Trog
Uskayaw
Yredelemnul
The Shining One

Annotations:
D:5 3 runed translucent doors, abdbla's ghost, novice TrMo


Innate Abilities, Weirdness & Mutations

You are resistant to damage.
You can heal yourself by infusing magical energy.
You passively map the area around you.
You do not regenerate.


Message History

The tentacled starspawn engulfs you but does no damage.
You slice the tentacled starspawn!!
The tentacled starspawn is lightly damaged.
You block the tentacled starspawn's attack. x2
You slash the tentacled starspawn!
The tentacled starspawn is moderately damaged.
You block the tentacled starspawn's attack.
The tentacled starspawn engulfs you but does no damage.
You slash the tentacled starspawn!
The tentacled starspawn is heavily damaged.
The tentacled starspawn bites you!
* * * LOW HITPOINT WARNING * * *
The tentacled starspawn engulfs you!
* * * LOW HITPOINT WARNING * * *
The tentacled starspawn bites you but does no damage.
You block the tentacled starspawn's attack.
You slash the tentacled starspawn!
The tentacled starspawn is severely damaged.
The tentacled starspawn bites you!!
You die...

.. ### ###..
.#.# .....#.
#...#
..#.#..## ...
.#....# ... #
..#... #.#
.##.#...#.#
#...#...#@.#
#......#..X.#
#....###...#
#...#.##
....# # .
##..# ...#
##. ##.####
..#.. #
#..##... .#
.# . #.#
.#..#...# ..
###.###..#..
#.


You could see a tentacled starspawn.

Vanquished Creatures
  A two-headed ogre (D:8)
  A troll (D:6)
  Grinder (D:4)
  A shadow (Abyss:1)
  2 wyverns (D:8)
  3 ice beasts
  2 sky beasts
  2 orc warriors
  A black bear (D:7)
  2 phantoms
  3 eyes of draining (D:8)
  5 centaurs
  3 ogres
  A small abomination (Abyss:1)
  A big kobold (D:8)
  5 bullfrogs
  3 scorpions
  5 wights (D:9)
  A howler monkey (D:4)
  2 jellies
  5 hounds
  A bullfrog zombie (D:7)
  8 orc wizards
  A centaur skeleton (D:8)
  5 orc priests
  3 iguanas
  4 worker ants
  A hound skeleton (D:6)
  2 worker ant zombies
  3 gnolls
  16 adders
  An ufetubus (D:8)
  4 adder skeletons
  A worm (D:4)
  2 dart slugs
  4 leopard geckos
  26 orcs
  A giant cockroach (D:1)
  6 goblins
  2 hobgoblins (D:3)
  7 jackals
  14 kobolds
  3 quokkas
  5 ball pythons
  8 bats
  4 frilled lizards
  A giant cockroach zombie (D:5)
  8 rats
191 creatures vanquished.

Vanquished Creatures (others)
  A plant (D:3)
  4 starspawn tentacles (Abyss:1)
5 creatures vanquished.

Grand Total: 196 creatures vanquished

Notes
Turn   | Place    | Note
-------+----------+-------------------------------------------
     0 | D:1      | Execuda the Deep Dwarf Fighter began the quest for the Orb.
     0 | D:1      | Reached XP level 1. HP: 20/20 MP: 1/1
   181 | D:1      | Reached XP level 2. HP: 27/27 MP: 2/2
   864 | D:2      | Reached skill level 1 in Dodging
   864 | D:2      | Reached XP level 3. HP: 26/33 MP: 3/3
   933 | D:2      | Reached skill level 3 in Axes
  1271 | D:2      | Reached XP level 4. HP: 41/42 MP: 4/4
  1597 | D:3      | Found a snail-covered altar of Cheibriados.
  1656 | D:3      | Found a white marble altar of Elyvilon.
  1656 | D:3      | Noticed a sky beast
  1684 | D:3      | Killed a sky beast
  1684 | D:3      | Reached skill level 4 in Axes
  1684 | D:3      | Reached XP level 5. HP: 24/49 MP: 5/5
  1826 | D:3      | Found a basalt altar of Yredelemnul.
  2063 | D:3      | Found a faded altar of an unknown god.
  2137 | D:4      | Noticed a phantom
  2140 | D:4      | Noticed an ogre
  2219 | D:4      | Reached XP level 6. HP: 28/56 MP: 6/6
  2269 | D:4      | Noticed Grinder
  2300 | D:4      | Paralysed by Grinder for 2 turns
  2316 | D:4      | Paralysed by Grinder for 5 turns
  2325 | D:4      | Killed Grinder
  2325 | D:4      | Reached skill level 5 in Axes
  2325 | D:4      | Reached XP level 7. HP: 45/64 MP: 6/6
  2343 | D:4      | Found an opulent altar of Gozag.
  2462 | D:4      | Found a glowing golden altar of the Shining One.
  2473 | D:4      | Reached skill level 5 in Armour
  2512 | D:4      | Reached skill level 5 in Shields
  2548 | D:4      | Reached skill level 6 in Axes
  2820 | D:5      | Entered Level 5 of the Dungeon
  2847 | D:5      | Reached XP level 8. HP: 71/73 MP: 7/7
  3020 | D:5      | Found a sparkling altar of Nemelex Xobeh.
  3086 | D:5      | Noticed a +0 dagger
  3086 | D:5      | Noticed a +0 hand axe
  3100 | D:5      | Found a hide-covered altar of Uskayaw.
  3211 | D:5      | Found a hazy altar of Hepliaklqana.
  3219 | D:5      | Reached skill level 7 in Axes
  3381 | D:5      | Found a runed translucent gate.
  3381 | D:5      | Found a runed translucent gate.
  3381 | D:5      | Found a runed translucent gate.
  3381 | D:5      | Noticed abdbla's ghost (novice TrMo)
  3729 | D:6      | Found a burning altar of Makhleb.
  3793 | D:6      | Became a worshipper of Makhleb the Destroyer
  3824 | D:6      | Reached skill level 5 in Fighting
  3974 | D:6      | Reached skill level 1 in Invocations
  3985 | D:6      | Found a staircase to the Ecumenical Temple.
  4073 | D:6      | Noticed a troll
  4087 | D:6      | Killed a troll
  4087 | D:6      | Gained mutation: You passively map the area around you.
                  | [Deep Dwarf growth]
  4087 | D:6      | Reached XP level 9. HP: 51/81 MP: 6/8
  4099 | D:6      | Reached skill level 5 in Dodging
  4180 | D:7      | Reached skill level 8 in Axes
  4363 | D:7      | Reached * piety under Makhleb
  5082 | D:8      | Found an opulent altar of Gozag.
  5156 | D:8      | Noticed a two-headed ogre
  5169 | D:8      | Killed a two-headed ogre
  5169 | D:8      | Reached skill level 9 in Axes
  5255 | D:8      | Found an iron altar of Okawaru.
  5521 | D:8      | Reached XP level 10. HP: 36/91 MP: 9/9
  5613 | D:8      | Found a bloodstained altar of Trog.
  5770 | D:8      | Reached ** piety under Makhleb
  5917 | D:8      | Found a blossoming altar of Fedhas.
  6221 | D:9      | Cast into level 1 of the Abyss (gnoll)
  6222 | Abyss:1  | Noticed an alligator
  6222 | Abyss:1  | a glowing shapeshifter changed into an alligator
  6228 | Abyss:1  | Noticed an anaconda
  6228 | Abyss:1  | an alligator changed into an anaconda
  6277 | Abyss:1  | Noticed a starcursed mass
  6290 | Abyss:1  | Paralysed by accursed screaming for 1 turns
  6297 | Abyss:1  | Noticed a tentacled starspawn
  6394 | Abyss:1  | Reached skill level 5 in Invocations
  6419 | Abyss:1  | Mangled by a tentacled starspawn

Illustrated notes

Levels and vault maps discovered:
D:1:      dpeg_arrival_signposts, layout_basic, minmay_misc_feat_tower
D:2:      kennysheep_six_static_rooms, layout_basic
D:3:      layout_rooms, elyvilon_altar_5, old_standard_altar,
          kennysheep_slug_shrine, chequers_ecumenical_altar_lobes
D:4:      layout_cave_pools, nicolae_gozag_seed_capital, tso_metal_star,
          uniq_grinder
D:5:      layout_loops_ring, nemelex_xobeh_ov_fountains_minmay,
          lemuel_round_altar, dancing_weapons_uskayaw,
          gammafunk_ghost_nasty_kobolds
D:6:      layout_gridville, kennysheep_mini_moat, minmay_temple_entry_nine_rooms
D:7:      layout_basic
D:8:      layout_loops_corners, fedhas_altar_fruit_tree, kennysheep_mini,
          trog_eyes_of_draining, basic_altar
D:9:      layout_basic, gammafunk_ghost_icy, nicolae_alphabet_shops
Abyss:1:  base: D:5, evilmike_abyss_exit_15

Skill      XL: |  1  2  3  4  5  6  7  8  9 10 |
---------------+-------------------------------+-----
Dodging        | 1 2 3 4 6 |  6.5
Fighting       | 3 4 5 6 |  6.2
Axes           | 3 4 5 6 7 9 |  9.8
Armour         | 4 5 6 7 |  7.5
Shields        | 4 5 6 7 |  7.4
Invocations    | 1 4 5 |  5.0

Action                   |  1- 3 |  4- 6 |  7- 9 | 10-12 || total
-------------------------+-------+-------+-------+-------++-------
Melee: War axe           |   121 |   214 |   176 |       ||   511
       Broad axe         |       |       |   235 |    89 ||   324
Invok: Minor Destruction |       |       |       |     1 ||     1
 Abil: Heal Wounds       |     2 |     5 |    11 |     5 ||    23
  Use: Scroll            |       |     6 |       |     8 ||    14
Armor: Scale mail        |    53 |    71 |    33 |       ||   157
       Chain mail        |       |       |    78 |    28 ||   106
Dodge: Dodged            |    38 |    36 |    80 |    13 ||   167
Block: Kite shield       |    28 |       |       |       ||    28
       Tower shield      |    55 |   201 |   429 |   102 ||   787
       Reflection        |       |       |    11 |     1 ||    12

Table legend: (Time is in decaauts)
 A = Elapsed time spent in this place.
 B = Non-inter-level travel time spent in this place.
 C = Inter-level travel time spent in this place.
 D = Time resting spent in this place.
 E = Time spent auto-exploring this place.
 F = Levels seen in this place.
 G = Mean time per level.
                   A        B        C        D        E       F      G
               +--------+--------+--------+--------+--------+-----+--------+
         Total |   6765 |   6503 |    262 |      0 |   4504 |  10 |  676.5 |
       Dungeon |   6543 |   6281 |    262 |      0 |   4462 |   9 |  727.0 |
         Abyss |    221 |    221 |      0 |      0 |     42 |   1 |  221.0 |
               +--------+--------+--------+--------+--------+-----+--------+

Top non-repeatable levels by time:
     D:8: 1067 daAuts
     D:7: 955 daAuts
     D:2: 832 daAuts
     D:5: 793 daAuts
     D:1: 777 daAuts
     D:4: 698 daAuts
     D:3: 698 daAuts
     D:6: 604 daAuts
 Abyss:1: 221 daAuts
     D:9: 116 daAuts
